| TOP OF THE 1ST |
|
Detroit Tigers batting - Pitching for Oakland Athletics : RHP Todd Stottlemyre
|
|
Pitching: RHP Todd Stottlemyre
|
|
|
Batting: SHB Adrian Brown
|
0-0: Called Strike 0-1: Called Strike 0-2: Ball 1-2: Strikes out swinging
|
|
Batting: RHB Howard Battle
|
0-0: Called Strike 0-1: Called Strike 0-2: Ball 1-2: Ground out 5-3 (Groundball, 56, EV 109.4 MPH)
|
|
Batting: RHB Russ Johnson
|
0-0: Ball 1-0: Foul Ball, location: 2F 1-1: Foul Ball, location: 2F 1-2: Ball 2-2: Ball 3-2: Ground out U3 (Groundball, 34, EV 89.4 MPH)
|
| Top of the 1st over - 0 runs, 0 hits, 0 errors, 0 left on base; Detroit 0 - Oakland 0 |
| BOTTOM OF THE 1ST |
|
Oakland Athletics batting - Pitching for Detroit Tigers : RHP Felipe Lira
|
|
Pitching: RHP Felipe Lira
|
|
|
Batting: RHB Rickey Henderson
|
0-0: Called Strike 0-1: Called Strike 0-2: Strikes out looking
|
|
Batting: SHB Geronimo Pena
|
0-0: Called Strike 0-1: Ball 1-1: Hit by Pitch
|
|
Batting: LHB John Olerud
|
0-0: Called Strike 0-1: Ball 1-1: Grounds into double play, 6-4-3 (Groundball, 6, EV 81.3 MPH)
|
| Bottom of the 1st over - 0 runs, 0 hits, 0 errors, 0 left on base; Detroit 0 - Oakland 0 |
| TOP OF THE 2ND |
|
Detroit Tigers batting - Pitching for Oakland Athletics : RHP Todd Stottlemyre
|
|
Batting: LHB Tino Martinez
|
0-0: Called Strike 0-1: Ground out 4-3 (Groundball, 4S, EV 65.6 MPH)
|
|
Batting: LHB Ben Grieve
|
0-0: Ball 1-0: Bunt missed! 1-1: SINGLE (Line Drive, 6D, EV 96.3 MPH)
|
|
Batting: SHB Jeff Barry
|
0-0: Called Strike 0-1: Called Strike 0-2: Ball 1-2: Strikes out swinging
|
|
Batting: RHB Shane Halter
|
0-0: Swinging Strike 0-1: Ball 1-1: Called Strike 1-2: Ball 2-2: Foul Ball, location: 2F 2-2: Strikes out swinging
|
| Top of the 2nd over - 0 runs, 1 hit, 0 errors, 1 left on base; Detroit 0 - Oakland 0 |
| BOTTOM OF THE 2ND |
|
Oakland Athletics batting - Pitching for Detroit Tigers : RHP Felipe Lira
|
|
Batting: RHB Jay Buhner
|
0-0: Ball 1-0: Called Strike 1-1: Ball 2-1: Foul Ball, location: 2F 2-2: Strikes out looking
|
|
Batting: RHB Herbert Perry
|
0-0: Ball 1-0: Ball 2-0: DOUBLE (Line Drive, 7LS, EV 98.8 MPH)
|
|
Batting: RHB Benito Santiago
|
0-0: Ball 1-0: Ball 2-0: Called Strike 2-1: Foul Ball, location: 2F 2-2: Foul Ball, location: 2F 2-2: Strikes out looking
|
|
Batting: SHB Devon White
|
0-0: Foul Ball, location: 2F 0-1: Swinging Strike 0-2: Ball 1-2: Strikes out swinging
|
| Bottom of the 2nd over - 0 runs, 1 hit, 0 errors, 1 left on base; Detroit 0 - Oakland 0 |
| TOP OF THE 3RD |
|
Detroit Tigers batting - Pitching for Oakland Athletics : RHP Todd Stottlemyre
|
|
Batting: LHB Brent Mayne
|
0-0: Ball 1-0: Ball 2-0: Ball 3-0: Called Strike 3-1: Base on Balls
|
|
Batting: LHB Joe Orsulak
|
0-0: Called Strike 0-1: Ball 1-1: Bunted foul 1-2: Foul Ball, location: 2F 1-2: Ball 2-2: Grounds into double play, 4-6-3 (Groundball, 4, EV 85.0 MPH)
|
|
Batting: SHB Adrian Brown
|
0-0: Ground out 6-3 (Groundball, 6, EV 85.6 MPH)
|
| Top of the 3rd over - 0 runs, 0 hits, 0 errors, 0 left on base; Detroit 0 - Oakland 0 |
| BOTTOM OF THE 3RD |
|
Oakland Athletics batting - Pitching for Detroit Tigers : RHP Felipe Lira
|
|
Batting: SHB Chuck Carr
|
0-0: Ground out 6-3 (Groundball, 6, EV 81.9 MPH)
|
|
Batting: RHB Benji Gil
|
0-0: Called Strike 0-1: Ball 1-1: SINGLE (Groundball, 34D, EV 103.1 MPH)
|
|
Batting: RHB Rickey Henderson
|
0-0: Ball 1-0: Called Strike 1-1: Ball 2-1: Ball Benji Gil steals 2nd base 3-1: Foul Ball, location: 2F 3-2: SINGLE (Groundball, 34D, EV 95.6 MPH) Benji Gil to third Runner from 3rd tries for Home, throw by RF and OUT! 9-2
|
|
Batting: SHB Geronimo Pena
|
0-0: Called Strike 0-1: Ball 1-1: Swinging Strike 1-2: Foul Ball, location: 2F 1-2: Strikes out looking
|
| Bottom of the 3rd over - 0 runs, 2 hits, 0 errors, 1 left on base; Detroit 0 - Oakland 0 |
| TOP OF THE 4TH |
|
Detroit Tigers batting - Pitching for Oakland Athletics : RHP Todd Stottlemyre
|
|
Batting: RHB Howard Battle
|
0-0: Foul Ball, location: 2F 0-1: Ball 1-1: Foul Ball, location: 2F 1-2: Strikes out swinging
|
|
Batting: RHB Russ Johnson
|
0-0: Called Strike 0-1: Swinging Strike 0-2: Strikes out looking
|
|
Batting: LHB Tino Martinez
|
0-0: Ball 1-0: Ground out 1-3 (Groundball, 13, EV 74.4 MPH)
|
| Top of the 4th over - 0 runs, 0 hits, 0 errors, 0 left on base; Detroit 0 - Oakland 0 |
| BOTTOM OF THE 4TH |
|
Oakland Athletics batting - Pitching for Detroit Tigers : RHP Felipe Lira
|
|
Batting: LHB John Olerud
|
0-0: Swinging Strike 0-1: Ball 1-1: SINGLE (Line Drive, 6MD, EV 95.6 MPH)
|
|
Batting: RHB Jay Buhner
|
0-0: Ball 1-0: Foul Ball, location: 2F 1-1: Fly out, F9 (Flyball, 89M, EV 85.6 MPH)
|
|
Batting: RHB Herbert Perry
|
0-0: Called Strike 0-1: Ball 1-1: Foul Ball, location: 2F 1-2: Hit by Pitch John Olerud to second
|
|
Batting: RHB Benito Santiago
|
0-0: Called Strike 0-1: Called Strike 0-2: Ball 1-2: Strikes out swinging
|
|
Batting: SHB Devon White
|
0-0: Called Strike 0-1: Ball 1-1: Ball 2-1: Ball 3-1: Called Strike 3-2: Foul Ball, location: 2F 3-2: Base on Balls John Olerud to third Herbert Perry to second
|
|
Batting: SHB Chuck Carr
|
0-0: Foul Ball, location: 2F 0-1: Called Strike 0-2: Ball 1-2: Ball Wild Pitch! John Olerud scores Herbert Perry to third Devon White to second 2-2: Strikes out swinging
|
| Bottom of the 4th over - 1 run, 1 hit, 0 errors, 2 left on base; Detroit 0 - Oakland 1 |
| TOP OF THE 5TH |
|
Detroit Tigers batting - Pitching for Oakland Athletics : RHP Todd Stottlemyre
|
|
Batting: LHB Ben Grieve
|
0-0: Ball 1-0: Ball 2-0: Called Strike 2-1: Swinging Strike 2-2: Strikes out swinging
|
|
Batting: SHB Jeff Barry
|
0-0: Ball 1-0: Foul Ball, location: 2F 1-1: Foul Ball, location: 2F 1-2: Strikes out swinging
|
|
Batting: RHB Shane Halter
|
0-0: Swinging Strike 0-1: Swinging Strike 0-2: Ground out 6-3 (Groundball, 6, EV 83.1 MPH)
|
| Top of the 5th over - 0 runs, 0 hits, 0 errors, 0 left on base; Detroit 0 - Oakland 1 |
| BOTTOM OF THE 5TH |
|
Oakland Athletics batting - Pitching for Detroit Tigers : RHP Felipe Lira
|
|
Batting: RHB Benji Gil
|
0-0: Ground out 5-3 (Groundball, 56, EV 105.6 MPH)
|
|
Batting: RHB Rickey Henderson
|
0-0: Called Strike 0-1: Swinging Strike 0-2: Strikes out swinging
|
|
Batting: SHB Geronimo Pena
|
0-0: Ball 1-0: Ball 2-0: Swinging Strike 2-1: Swinging Strike 2-2: Foul Ball, location: 2F 2-2: Ball 3-2: Foul Ball, location: 2F 3-2: Ground out 5-3 (Groundball, 56, EV 100.6 MPH)
|
| Bottom of the 5th over - 0 runs, 0 hits, 0 errors, 0 left on base; Detroit 0 - Oakland 1 |
| TOP OF THE 6TH |
|
Detroit Tigers batting - Pitching for Oakland Athletics : RHP Todd Stottlemyre
|
|
Batting: LHB Brent Mayne
|
0-0: Called Strike 0-1: Foul Ball, location: 2F 0-2: Strikes out looking
|
|
Batting: LHB Joe Orsulak
|
0-0: Called Strike 0-1: Ball 1-1: Ball 2-1: Called Strike 2-2: Fly out, F6 (Line Drive, 6, EV 65.0 MPH)
|
|
Batting: SHB Adrian Brown
|
0-0: Ball 1-0: Foul Ball, location: 2F 1-1: Ball 2-1: Called Strike 2-2: Ball 3-2: Strikes out swinging
|
| Top of the 6th over - 0 runs, 0 hits, 0 errors, 0 left on base; Detroit 0 - Oakland 1 |
| BOTTOM OF THE 6TH |
|
Oakland Athletics batting - Pitching for Detroit Tigers : RHP Felipe Lira
|
|
Batting: LHB John Olerud
|
0-0: Ball 1-0: Ball 2-0: Ball 3-0: Called Strike 3-1: Foul Ball, location: 2F 3-2: Single, Error in OF, E9, batter to second base (Groundball, 34D, EV 103.8 MPH)
|
|
Batting: RHB Jay Buhner
|
0-0: Ball 1-0: Called Strike 1-1: Ball 2-1: Foul Ball, location: 2F 2-2: Ball 3-2: Foul Ball, location: 2F 3-2: 2-RUN HOME RUN (Flyball, 7D, EV 98.1 MPH), Distance : 371 ft
|
|
Batting: RHB Herbert Perry
|
0-0: Ball 1-0: Fly out, F9 (Flyball, 9LM, EV 83.8 MPH)
|
|
Batting: RHB Benito Santiago
|
0-0: Fly out, F9 (Flyball, 89S, EV 84.4 MPH)
|
|
Batting: SHB Devon White
|
0-0: Called Strike 0-1: Ball 1-1: Swinging Strike 1-2: Ball 2-2: Strikes out looking
|
| Bottom of the 6th over - 2 runs, 2 hits, 1 error, 0 left on base; Detroit 0 - Oakland 3 |
| TOP OF THE 7TH |
|
Detroit Tigers batting - Pitching for Oakland Athletics : RHP Todd Stottlemyre
|
|
Batting: RHB Howard Battle
|
0-0: SINGLE (Line Drive, 8LS, EV 101.3 MPH)
|
|
Batting: RHB Russ Johnson
|
0-0: Bunted foul 0-1: Ball 1-1: Bunt missed! 1-2: Ball 2-2: Ball 3-2: Fly out, F9 (Flyball, 9, EV 78.8 MPH)
|
|
Batting: LHB Tino Martinez
|
0-0: Foul Ball, location: 2F 0-1: Ball 1-1: Ball 2-1: Foul Ball, location: 2F 2-2: Ball 3-2: Base on Balls Howard Battle to second
|
|
Batting: LHB Ben Grieve
|
0-0: Fly out, F8 (Flyball, 89XD, EV 94.4 MPH) Runner from 2nd tags up, SAFE at 3rd, no throw by CF
|
|
Batting: SHB Jeff Barry
|
0-0: Called Strike 0-1: Ball 1-1: Foul Ball, location: 2F 1-2: Foul Ball, location: 2F 1-2: Fly out, F8 (Flyball, 8LS, EV 89.4 MPH)
|
| Top of the 7th over - 0 runs, 1 hit, 0 errors, 2 left on base; Detroit 0 - Oakland 3 |
| BOTTOM OF THE 7TH |
|
Oakland Athletics batting - Pitching for Detroit Tigers : RHP Felipe Lira
|
|
Batting: SHB Chuck Carr
|
0-0: Called Strike 0-1: Ball 1-1: Ball 2-1: Swinging Strike 2-2: Ball 3-2: Foul Ball, location: 2F 3-2: Fly out, F9 (Flyball, 9D, EV 101.9 MPH)
|
|
Batting: RHB Benji Gil
|
0-0: Ball 1-0: Foul Ball, location: 2F 1-1: Called Strike 1-2: Ball 2-2: Foul Ball, location: 2F 2-2: Foul Ball, location: 2F 2-2: SOLO HOME RUN (Flyball, 7LD, EV 112.5 MPH), Distance : 354 ft
|
|
Batting: RHB Rickey Henderson
|
0-0: Ground out 3-1 (Groundball, 34, EV 87.5 MPH)
|
|
Batting: SHB Geronimo Pena
|
0-0: Called Strike 0-1: Hit by Pitch
|
|
Batting: LHB John Olerud
|
0-0: Ball Geronimo Pena steals 2nd base 1-0: Foul Ball, location: 2F 1-1: Fly out, F8 (Flyball, 8LM, EV 87.5 MPH)
|
| Bottom of the 7th over - 1 run, 1 hit, 0 errors, 1 left on base; Detroit 0 - Oakland 4 |
| TOP OF THE 8TH |
|
Detroit Tigers batting - Pitching for Oakland Athletics : RHP Todd Stottlemyre
|
|
Batting: RHB Shane Halter
|
0-0: Ball 1-0: Ball 2-0: Fly out, F8 (Flyball, 8RS, EV 91.9 MPH)
|
|
Batting: LHB Brent Mayne
|
0-0: Called Strike 0-1: Foul Ball, location: 2F 0-2: SINGLE (Groundball, 34D, EV 103.8 MPH)
|
|
Pitching: LHP Mike Magnante
|
|
|
Batting: LHB Joe Orsulak
|
0-0: Called Strike 0-1: Swinging Strike 0-2: Foul Ball, location: 2F 0-2: Ball 1-2: Foul Ball, location: 2F 1-2: Fly out, F1 (Line Drive, P, EV 65.6 MPH)
|
|
Batting: SHB Adrian Brown
|
0-0: Ball 1-0: Swinging Strike 1-1: Ball 2-1: Swinging Strike 2-2: Foul Ball, location: 2F 2-2: Ball 3-2: Base on Balls Brent Mayne to second
|
|
Batting: RHB Howard Battle
|
0-0: Ball 1-0: Foul Ball, location: 2F 1-1: SINGLE (Line Drive, 89S, EV 97.5 MPH) Brent Mayne to third Adrian Brown to second Runner from 3rd tries for Home, throw by RF and OUT! 9-2
|
| Top of the 8th over - 0 runs, 2 hits, 0 errors, 2 left on base; Detroit 0 - Oakland 4 |
| BOTTOM OF THE 8TH |
|
Oakland Athletics batting - Pitching for Detroit Tigers : RHP Felipe Lira
|
|
Batting: RHB Jay Buhner
|
0-0: Ball 1-0: Ball 2-0: Ball 3-0: Base on Balls
|
|
Pitching: RHP David Weathers
|
|
|
Batting: RHB Herbert Perry
|
0-0: Ball 1-0: Ball 2-0: Called Strike 2-1: Foul Ball, location: 2F 2-2: Ball 3-2: Fly out, F9 (Flyball, 9S, EV 85.6 MPH)
|
|
Batting: RHB Benito Santiago
|
0-0: Ball 1-0: Ball 2-0: SINGLE (Flyball, 9LS, EV 91.9 MPH) Jay Buhner to second Runner from 2nd tries for 3rd, SAFE, throw by RF made to third
|
|
Batting: SHB Devon White
|
0-0: Called Strike 0-1: Ball 1-1: Ball 2-1: Fielders Choice at 2nd, 5-4 (Groundball, 56S, EV 82.5 MPH) Jay Buhner scores
|
|
Batting: SHB Chuck Carr
|
0-0: Called Strike 0-1: Foul Ball, location: 2F 0-2: Ball 1-2: Ball 2-2: Strikes out swinging
|
| Bottom of the 8th over - 1 run, 1 hit, 0 errors, 1 left on base; Detroit 0 - Oakland 5 |
| TOP OF THE 9TH |
|
Detroit Tigers batting - Pitching for Oakland Athletics : LHP Mike Magnante
|
|
Batting: RHB Russ Johnson
|
0-0: Ball 1-0: SINGLE (Line Drive, 9S, EV 111.9 MPH)
|
|
Batting: LHB Tino Martinez
|
0-0: Fielders Choice at 2nd, 4-6 (Groundball, 4, EV 76.3 MPH)
|
|
Batting: LHB Ben Grieve
|
0-0: Foul Ball, location: 2F 0-1: Ball 1-1: Ball 2-1: Ball 3-1: Base on Balls Tino Martinez to second
|
|
Pitching: RHP William VanLandingham
|
|
|
Batting: SHB Jeff Barry
|
0-0: Fly out, F7 (Flyball, 78M, EV 81.3 MPH)
|
|
Batting: RHB Shane Halter
|
0-0: Foul Ball, location: 2F 0-1: Foul Ball, location: 2F 0-2: Ball 1-2: Strikes out looking
|
| Top of the 9th over - 0 runs, 1 hit, 0 errors, 2 left on base; Detroit 0 - Oakland 5 |
|